 Dungeon Crawl Stone Soup version 0.23.2-1-ga50397a (webtiles) character file.

Game seed: 8540920924328559612

44 myga the Gusty (level 3, -2/26 HPs)
             Began as a Draconian Air Elementalist on May 2, 2019.
             Killed from afar by Natasha (3 damage)
             ... with a magic dart
             ... on level 2 of the Dungeon.
             The game lasted 00:04:58 (979 turns).

myga the Gusty (Draconian Air Elementalist)          Turns: 979, Time: 00:04:58

Health: -2/26      AC:  5    Str: 11    XL:     3   Next: 39%
Magic:  0/6        EV: 12    Int: 18    God:
Gold:   74         SH:  0    Dex: 11    Spells: 0/6 levels left

rFire    . . .     SeeInvis .   e - +0 dagger
rCold    . . .     Gourm    .   (no shield)
rNeg     . . .     Faith    .   (armour unavailable)
rPois    .         Spirit   +   (helmet restricted)
rElec    .         Reflect  .   (no cloak)
rCorr    .         Harm     .   (no gloves)
MR       .....                  (no boots)
Stlth    ++........             i - amulet of guardian spirit
HPRegen  0.08/turn              f - +3 ring of intelligence
MPRegen  0.10/turn              (no ring)

@: no status effects
A: unfitting armour, cold-blooded, AC +5
a: no special abilities


You were on level 2 of the Dungeon.
You were not hungry.

You visited 1 branch of the dungeon, and saw 2 of its levels.

You collected 74 gold pieces.

Inventory:

Hand Weapons
 e - a +0 dagger (weapon)
Jewellery
 f - a +3 ring of intelligence (left hand)
 i - an amulet of guardian spirit (around neck)
Scrolls
 c - a scroll of random uselessness {unknown}
 j - a scroll of amnesia {unknown}
 k - a scroll of enchant weapon {unknown}
 m - a scroll of identify {unknown}
Potions
 a - a potion of agility {unknown}
 d - a potion of might {unknown}
 h - a potion of invisibility {unknown}
 l - a potion of curing {unknown}
Comestibles
 b - 5 rations
 g - 5 chunks of flesh


   Skills:
 + Level 0.2 Fighting
 + Level 0.7 Short Blades
 + Level 2.2 Dodging
 + Level 2.2 Stealth
 + Level 0.4 Unarmed Combat
 + Level 2.2 Spellcasting
 + Level 1.1 Conjurations
 + Level 3.3 Air Magic


You couldn't memorise any spells.
You knew the following spells:

 Your Spells              Type           Power        Failure   Level  Hunger
a - Shock                 Conj/Air       ##..         7%          1    #......
b - Swiftness             Chrm/Air       #.......     13%         2    ##.....
c - Static Discharge      Conj/Air       ##......     21%         3    ###....

Your spell library contained the following spells:

 Spells                   Type           Power        Failure   Level  Hunger
 Confusing Touch          Hex            #.....       19%         1    #......
 Airstrike                Air            ##........   41%         4    #####..
 Confuse                  Hex            #.......     47%         3    ###....
 Gell's Gravitas          Tloc           #.........   47%         3    ###....
 Petrify                  Tmut/Erth      #.......     87%         4    #####..
 Lightning Bolt           Conj/Air       ##........   88%         5    ######.
 Metabolic Englaciation   Hex/Ice        #.........   99%         5    ######.
 Yara's Violent Unravell  Hex/Tmut       #.........   99%         5    ######.


Dungeon Overview and Level Annotations

Branches:
Dungeon (2/15)

Altars:

Annotations:
D:2 Natasha


Innate Abilities, Weirdness & Mutations

Your plain brown scales are hard. (AC +5)
You cannot fit into any form of body armour.
You are cold-blooded and may be slowed by cold attacks.


Message History

Natasha stares at you and mumbles some strange words.
The magic dart hits you!
Casting: Shock (safe; 7% risk of failure)
Confirm with . or Enter, or press ? or * to list all spells.
Aiming: Shock (safe; 7% risk of failure)
Press: ? - help, Shift-Dir - straight line, f/p - Natasha
Aim: Natasha, carrying a wand of flame (20) (lightly wounded)
The zap hits Natasha.
Natasha is moderately wounded.
Natasha zaps a wand.
The puff of flame hits you.
* * * LOW HITPOINT WARNING * * *
You hit Natasha.
Natasha is heavily wounded.
Natasha zaps a wand.
The puff of flame hits you.
* * * LOW HITPOINT WARNING * * *
You hit Natasha but do no damage.
Natasha is heavily wounded.
Natasha stares at you and mumbles some strange words.
The magic dart hits you.
You die...

######.>.##
..#.......
.#####.#.....#
............## ##
............. .
.......$#.#.#
...#####....##.#.#
......h@.....>...#
...######.#.##.###
##.#.##.# #.......#
#.##.##.#
#.##.##.##
#.##.....######
#.#####........
..###.#####.#######


You could see Natasha.

Vanquished Creatures
  A worm (D:2)
  3 dart slugs
  2 leopard geckos (D:1)
  A giant cockroach (D:1)
  5 goblins
  3 hobgoblins (D:1)
  3 jackals (D:1)
  3 bats
  2 frilled lizards (D:1)
  7 kobolds (D:1)
  3 rats (D:1)
33 creatures vanquished.

Notes
Turn   | Place    | Note
-------+----------+-------------------------------------------
     0 | D:1      | myga the Draconian Air Elementalist began the quest for the
                  | Orb.
     0 | D:1      | Reached XP level 1. HP: 14/14 MP: 3/3
   110 | D:1      | Reached XP level 2. HP: 19/20 MP: 1/5
   121 | D:1      | Learned a level 2 spell: Swiftness
   188 | D:1      | HP: 1/20 [kobold (3)]
   672 | D:1      | Reached XP level 3. HP: 25/26 MP: 3/6
   789 | D:1      | Learned a level 3 spell: Static Discharge
   970 | D:2      | Noticed Natasha
   978 | D:2      | HP: 1/26 [Natasha/wand of flame (19) (5)]
   979 | D:2      | Killed from afar by Natasha

Skill      XL: |  1  2 |
---------------+-------+-----
Dodging        | 2 |  2.2
Stealth        | 2 |  2.2
Fighting       | |  0.2
Short Blades   | |  0.7
Unarmed Combat | |  0.4
Spellcasting   | |  2.2
Conjurations   | |  1.1
Air Magic      | |  3.3

Action                   || total
-------------------------++-------
Melee: Dagger            ||    73
       Unarmed           ||     7
       Tailslap          ||     7
 Cast: Shock             ||    32
 Stab: Sleeping          ||     6
  Eat: Chunk             ||     1
Armor: Skin              ||    20
Dodge: Dodged            ||    49
